 Dungeon Crawl Stone Soup version 0.27.1-33-g824d729ab1 (webtiles) character file.

Game seed: 10651997057065756333

1449 hilljack the Cutter (level 8, -1/49 HPs)
             Began as a Gargoyle Earth Elementalist on Nov 28, 2021.
             Slain by a vampire mosquito (7 damage)
             ... on level 5 of the Dungeon.
             The game lasted 00:20:47 (6205 turns).

hilljack the Cutter (Gargoyle Earth Elementalist)   Turns: 6205, Time: 00:20:48

Health: -1/49      AC: 11    Str: 18    XL:     8   Next: 75%
Magic:  11/11      EV: 11    Int: 18    God:
Gold:   146        SH:  0    Dex: 10    Spells: 9/12 levels left

rFire    . . .     SeeInvis +   e - +2 dagger (venom)
rCold    + . .     Faith    .   (no shield)
rNeg     + . .     Spirit   .   k - +1 leather armour {rC+}
rPois    ∞         Reflect  .   a - +0 helmet
rElec    +         Harm     .   n - +0 cloak
rCorr    .         Rampage  .   (no gloves)
Will     .....                  (no boots)
Stlth    ++........             (no amulet)
HPRegen  0.16/turn              l - +6 ring of strength
MPRegen  0.12/turn              m - ring of see invisible

@: invisible
A: sickness immunity, AC +5, negative energy resistance 1, electricity
resistance, torment resistance 1, petrification resistance
a: no special abilities


You were on level 5 of the Dungeon.
You visited 1 branch of the dungeon, and saw 5 of its levels.

You collected 146 gold pieces.

Inventory:

Hand Weapons
 e - a +2 dagger of venom (weapon)
Missiles
 c - 158 stones
 d - 12 javelins
 h - 13 poisoned darts (quivered)
Armour
 a - a +0 helmet (worn)
 k - a +1 leather armour of cold resistance (worn)
 n - a +0 cloak (worn)
Jewellery
 l - a +6 ring of strength (left hand)
 m - a ring of see invisible (right hand)
 t - a ring of protection from fire
Wands
 f - a wand of paralysis (9)
 j - a wand of polymorph (6)
 q - a wand of digging (3)
Scrolls
 b - 4 scrolls of magic mapping
 g - 2 scrolls of fear
 o - a scroll of vulnerability
 p - a scroll of identify
 r - a scroll of teleportation
Potions
 s - a potion of might
 u - a potion of haste {unknown}


   Skills:
 - Level 5.0 Fighting
 + Level 5.8 Short Blades
 - Level 5.0 Throwing
 - Level 1.5 Dodging
 - Level 2.1 Stealth
 - Level 2.6 Spellcasting
 - Level 0.7 Transmutations
 - Level 5.0 Earth Magic


You had 9 spell levels left.
You knew the following spells:

 Your Spells              Type           Power      Damage    Failure   Level
a - Sandblast             Erth           40%        2d10      2%          1
b - Passwall              Tmut/Erth      10%        N/A       10%         2

Your spell library contained the following spells:

 Spells                   Type           Power      Damage    Failure   Level
 Stone Arrow              Conj/Erth      22%        3d8       22%         3
 Swiftness                Air            2%         N/A       52%         3
 Petrify                  Tmut/Erth      12%        N/A       52%         4
 Invisibility             Hex            1%         N/A       100%        6
 Malign Gateway           Summ/Tloc      1%         N/A       100%        7
 Summon Horrible Things   Summ           1%         N/A       100%        8


Dungeon Overview and Level Annotations

Branches:
Dungeon (5/15)
 Temple: D:4-7

Altars:
Nemelex Xobeh

Shops:
D:5 (

Annotations:
D:4 1 runed translucent door, zeram's ghost, novice HOFi
D:5 1 runed translucent door


Innate Abilities, Weirdness & Mutations

You are immune to sickness and miasma.
Your stone body is resilient. (AC +5)
You are immune to poison.
You resist negative energy. (rN+)
You are resistant to electric shocks. (rElec)
You are resistant to unholy torment.
You are immune to petrification.


Message History

The vampire mosquito completely misses you.
You closely miss the vampire mosquito. The vampire mosquito misses you.
You hit the vampire mosquito.
The vampire mosquito is lightly damaged.
The vampire mosquito misses you. The vampire mosquito bites you!
You hit the vampire mosquito but do no damage.
The vampire mosquito is lightly damaged.
The vampire mosquito closely misses you.
You closely miss the vampire mosquito.
The vampire mosquito is lightly damaged.
The vampire mosquito barely misses you.
You miss the vampire mosquito.
The vampire mosquito is lightly damaged.
The vampire mosquito bites you. x2
You hit the vampire mosquito.
The vampire mosquito is moderately damaged.
The vampire mosquito bites you but does no damage.
You completely miss the vampire mosquito.
The vampire mosquito is moderately damaged.
The vampire mosquito bites you.
You hit the vampire mosquito.
The vampire mosquito is moderately damaged.
The vampire mosquito bites you. x2
You closely miss the vampire mosquito.
The vampire mosquito is moderately damaged.
The vampire mosquito bites you but does no damage.
You hit the vampire mosquito.
The vampire mosquito is moderately damaged.
The vampire mosquito bites you!
The vampire mosquito closely misses you.
You hit the vampire mosquito.
The vampire mosquito is heavily damaged.
The vampire mosquito closely misses you.
You closely miss the vampire mosquito.
The vampire mosquito is heavily damaged.
The vampire mosquito bites you!
* * * LOW HITPOINT WARNING * * *
You fade into invisibility!
The vampire mosquito bites you!
You die...

............. ....###...##.
##...##..## #.......#
########+###
#.......####...........
##..##....#.#........... ..#....
##..........#....####### ..#....
.#......#...#...†#BBbb.# ...#....
............#...@yBB(..+ ...#....
............#....#Bs...#....#....
............#....#######....#....
............#...............#....
............#...............#....
##..........########'########....
###..##.##.###........## ##.....[
###..##.##......#.#....###...#...
#...###.####..#######..##...###.#


You could see a vampire mosquito, a scorpion and 5 giant cockroaches.

Vanquished Creatures
  Edmund (D:4)
  A necrophage (D:4)
  An ice beast (D:5)
  A sky beast (D:5)
  A centaur (D:5)
  2 phantoms (D:4)
  3 scorpions (D:5)
  A bullfrog skeleton (D:4)
  A hound (D:4)
  2 orc priests (D:4)
  Natasha (thrice) (D:3)
  4 iguanas
  3 orc wizards (D:4)
  Ijyb (D:3)
  A hound zombie (D:5)
  Robin (D:3)
  4 gnolls (D:4)
  7 adders
  An adder skeleton (D:4)
  2 dart slugs (D:3)
  11 orcs
  5 ball pythons
  12 endoplasms
  6 giant cockroaches
  12 goblins
  10 hobgoblins
  5 jackals
  7 kobolds
  2 quokkas
  5 bats
  14 frilled lizards
  5 rats
135 creatures vanquished.

Vanquished Creatures (others)
  25 plants
25 creatures vanquished.

Grand Total: 160 creatures vanquished

Notes
Turn   | Place    | Note
-------+----------+-------------------------------------------
     0 | D:1      | hilljack the Gargoyle Earth Elementalist began the quest
                  | for the Orb.
     0 | D:1      | Reached XP level 1. HP: 10/10 MP: 3/3
   105 | D:1      | Reached XP level 2. HP: 15/15 MP: 5/5
   352 | D:1      | Learned a level 2 spell: Passwall
   360 | D:1      | Reached XP level 3. HP: 12/19 MP: 4/6
  1343 | D:2      | Reached skill level 5 in Earth Magic
  1765 | D:3      | Reached XP level 4. HP: 19/24 MP: 7/7
  1851 | D:3      | Noticed Ijyb
  1912 | D:3      | Killed Ijyb
  1913 | D:3      | Reached skill level 1 in Throwing
  2105 | D:3      | Noticed Robin
  2450 | D:3      | Killed Robin
  2451 | D:3      | Reached XP level 5. HP: 25/28 MP: 8/8
  2721 | D:3      | Noticed Natasha
  2730 | D:3      | Killed Natasha
  3069 | D:3      | Noticed Natasha
  3075 | D:3      | Killed Natasha
  3076 | D:3      | Reached XP level 6. HP: 30/32 MP: 9/9
  3101 | D:3      | Noticed Natasha
  3109 | D:3      | Killed Natasha
  3244 | D:4      | Noticed a necrophage
  3265 | D:4      | Killed a necrophage
  3266 | D:4      | Reached skill level 5 in Throwing
  3323 | D:4      | Reached skill level 1 in Fighting
  3361 | D:4      | Noticed Edmund
  3381 | D:4      | Killed Edmund
  3382 | D:4      | Reached XP level 7. HP: 22/41 MP: 8/10
  3630 | D:4      | Noticed zeram's ghost (novice HOFi)
  3631 | D:4      | Found a runed translucent door.
  3921 | D:4      | Reached skill level 5 in Fighting
  4021 | D:4      | Found a sparkling altar of Nemelex Xobeh.
  4100 | D:4      | Reached skill level 1 in Short Blades
  4456 | D:4      | Reached XP level 8. HP: 36/49 MP: 11/11
  4984 | D:5      | Entered Level 5 of the Dungeon
  6032 | D:5      | Found Ythamp's Antique Weapon Boutique.
  6150 | D:5      | Reached skill level 5 in Short Blades
  6156 | D:5      | Found a runed translucent door.
  6164 | D:5      | Found a runed translucent door.
  6205 | D:5      | Slain by a vampire mosquito

Illustrated notes

Levels and vault maps discovered:
D:1:      amcnicky_arrival_choice, layout_rooms, minmay_lizard_king
D:2:      layout_loops_cross
D:3:      layout_rooms, uniq_ijyb, uniq_robin, uniq_natasha
D:4:      layout_rooms, nemelex_dance_club_becter, serial_bayou,
          serial_bayou_pond_a, serial_bayou_shore_b, serial_bayou_crossing,
          serial_bayou_shore_b, serial_bayou_shore_a, serial_bayou_shore_b,
          ebering_ghost_inner_flame, uniq_edmund
D:5:      lemuel_insect_pit, layout_cave_pools, serial_shops,
          nicolae_shop_statue_plus

Skill      XL: |  1  2  3  4  5  6  7  8 |
---------------+-------------------------+-----
Earth Magic    | 4 5 |  5.0
Throwing       | 2 3 5 |  5.0
Fighting       | 3 5 |  5.0
Short Blades   | 2 5 |  5.8
Dodging        | |  1.5
Stealth        | |  2.1
Spellcasting   | |  2.6
Transmutations | |  0.7

Action                   |  1- 3 |  4- 6 |  7- 9 || total
-------------------------+-------+-------+-------++-------
Melee: Whip              |    44 |       |       ||    44
       Dagger            |    29 |   117 |   167 ||   313
Throw: Javelin           |    53 |       |       ||    53
       Stone             |     7 |     2 |     3 ||    12
       Dart              |     1 |    47 |    46 ||    94
 Cast: Sandblast         |    17 |     2 |    24 ||    43
Evoke: Wand              |       |       |     2 ||     2
  Use: Scroll            |     2 |     3 |     3 ||     8
       Potion            |       |       |     1 ||     1
 Stab: Sleeping          |     3 |       |       ||     3
Armor: Robe              |    23 |       |       ||    23
       Leather armour    |       |    46 |    72 ||   118
Dodge: Dodged            |    51 |    81 |   112 ||   244
